 Dungeon Crawl Stone Soup version 0.29-a0-371-g91724d5b39 (webtiles) character file.

Game seed: 7676235653639997224

452 psuckher the Sneak (level 6, -4/61 HPs)
             Began as a Troll Delver on May 2, 2022.
             Was an Initiate of Dithmenos.
             Slain by a wolf (7 damage)
             ... on level 5 of the Dungeon.
             The game lasted 00:05:21 (1039 turns).

psuckher the Sneak (Troll Delver)                   Turns: 1039, Time: 00:05:22

Health: -4/61      AC:  4    Str: 23    XL:     6   Next: 75%
Magic:  5/5        EV: 10    Int:  6    God:    Dithmenos [......]
Gold:   65         SH:  0    Dex: 11    Spells: 5/5 levels left

rFire   . . .      SeeInvis .     - Unarmed
rCold   . . .      Faith    .   (no shield)
rNeg    . . .      Spirit   .   a - +0 robe
rPois   .          Reflect  .   (helmet restricted)
rElec   .          Harm     .   (no cloak)
rCorr   .          Rampage  .   (gloves unavailable)
Will    .....                   (boots unavailable)
Stlth   ++........              (no amulet)
HPRegen 1.00/turn               (no ring)
MPRegen 0.09/turn               (no ring)

@: no status effects
A: large, unfitting armour, claws 3, regeneration 1, shaggy fur 1, tough skin 1
a: Renounce Religion


You were on level 5 of the Dungeon.
You worshipped Dithmenos.
Dithmenos was noncommittal.
You visited 1 branch of the dungeon, and saw 1 of its levels.

You collected 65 gold pieces.

Inventory:

Missiles
 d - 4 throwing nets (quivered)
Armour
 a - a +0 robe (worn)
 g - an orb of energy
Wands
 f - a wand of digging (3)
Scrolls
 b - a scroll of fog
 c - a scroll of magic mapping
 i - a scroll of vulnerability {unknown}
Potions
 e - a potion of haste


   Skills:
 + Level 3.4 Fighting
 + Level 2.6 Dodging
 + Level 4.0 Stealth
 + Level 4.0 Unarmed Combat


You had 5 spell levels left.
You didn't know any spells.
Your spell library was empty.

Dungeon Overview and Level Annotations

Branches:
Dungeon (5/15)             Temple (0/1) D:5

Altars:
Cheibriados
Dithmenos
Xom


Innate Abilities, Weirdness & Mutations

You are too large for most types of armour.
You have claws for hands.
Your natural rate of healing is unusually fast.
You are covered in fur. (AC +1)
You have tough skin. (AC +1)


Message History

Dithmenos accepts your kill.
You miss the wolf. The wolf bites you but does no damage.
The gnoll throws a stone.
The stone barely misses you. The wolf bites you.
You miss the wolf. The wolf bites you but does no damage.
The gnoll throws a stone.
The stone closely misses you.
You claw the wolf!
The wolf is heavily wounded.
You are no longer glowing.
The wolf bites you. The wolf bites you!
The gnoll throws a stone.
The stone closely misses you.
You completely miss the wolf.
The wolf is heavily wounded.
The wolf bites you.
The gnoll throws a stone.
The stone hits you but does no damage. The wolf barely misses you.
You barely miss the wolf.
The wolf is heavily wounded.
The wolf bites you!
The gnoll throws a stone.
The stone hits you. The wolf bites you.
* * * LOW HITPOINT WARNING * * *
The gnoll shaman invokes the aid of its god against you.
You resist with some effort.
You barely miss the wolf.
The wolf is heavily wounded.
The wolf closely misses you. The hound barely misses you.
You barely miss the wolf.
The wolf is heavily wounded.
The wolf bites you!
* * * LOW HITPOINT WARNING * * *
The hound bites you.
* * * LOW HITPOINT WARNING * * *
The wolf barely misses you.
You miss the wolf.
The wolf is heavily wounded.
The hound bites you but does no damage. The wolf bites you!
* * * LOW HITPOINT WARNING * * *
As you read the scroll labelled CUSAESEUXTA, it crumbles to dust.
It is a scroll of brand weapon.
You aren't carrying any weapons that can be branded.
The hound bites you but does no damage. The wolf bites you!
You die...

. ... #########.....
##@hhg.........
##.h≈≈≈≈≈≈≈≈≈...
#######
#..≈≈ggh.ggg....
##.....#
#..≈ggh...##....
.......# ###..≈g.g..##
... #..#...#
#....≈....## ..
#..##..#####...≈≈....#
.....
#..##......#..≈≈......#
.g...
####..........≈...##...
#...


You could see a gnoll sergeant, 2 wolves, a gnoll shaman, 2 hounds, 7 gnolls and
a jackal.

Vanquished Creatures
  A bullfrog (D:5)
  A necrophage (D:5)
  2 howler monkeys (D:5)
  A hound (D:5)
  2 gnoll shamans (D:5)
  3 orc wizards (D:5)
  6 gnolls (D:5)
  2 adders (D:5)
  7 orcs (D:5)
  6 jackals (D:5)
31 creatures vanquished.

Notes
Turn   | Place    | Note
-------+----------+-------------------------------------------
     0 | D:5      | psuckher the Troll Delver began the quest for the Orb.
     0 | D:5      | Reached XP level 1. HP: 22/22 MP: 0/0
    18 | D:5      | Found a shadowy altar of Dithmenos.
    18 | D:5      | Noticed a howler monkey
    29 | D:5      | Killed a howler monkey
    30 | D:5      | Reached XP level 2. HP: 23/29 MP: 1/1
    30 | D:5      | Reached XP level 3. HP: 29/36 MP: 2/2
    36 | D:5      | Became a worshipper of Dithmenos the Shadowed
    57 | D:5      | Noticed a necrophage
    70 | D:5      | Killed a necrophage
    71 | D:5      | Reached XP level 4. HP: 34/44 MP: 3/3
   247 | D:5      | Reached XP level 5. HP: 52/52 MP: 4/4
   450 | D:5      | Found a staircase to the Ecumenical Temple.
   655 | D:5      | Reached XP level 6. HP: 36/61 MP: 5/5
   697 | D:5      | Found a shimmering altar of Xom.
   706 | D:5      | Found a snail-covered altar of Cheibriados.
  1038 | D:5      | HP: 2/61 [wolf (8)]
  1039 | D:5      | Slain by a wolf

Illustrated notes

Levels and vault maps discovered:
D:5:      layout_cave_pools, nicolae_dithmenos_shadow_blocks,
          mainiacjoe_overflow_big_doors, temple_pool_b, serial_gnoll_camp,
          gnoll_camp_mini_hut, gnoll_camp_mini_hut, gnoll_camp_huts_moat,
          gnoll_camp_mini_hut, gnoll_camp_mini_basic, minmay_misc_feat_five

Skill      XL: |  1  2  3  4  5  6 |
---------------+-------------------+-----
Stealth        | 3 4 |  4.0
Fighting       | 3 |  3.4
Dodging        | 2 |  2.6
Unarmed Combat | 3 4 |  4.0

Action                   |  1- 3 |  4- 6 || total
-------------------------+-------+-------++-------
Melee: Unarmed           |    14 |   130 ||   144
       Punch             |       |     2 ||     2
  Use: Scroll            |       |     2 ||     2
       Potion            |       |     2 ||     2
Armor: Robe              |     3 |    60 ||    63
Dodge: Dodged            |     4 |   103 ||   107

Table legend: (Time is in decaauts)
 A = Elapsed time spent in this place.
 B = Non-inter-level travel time spent in this place.
 C = Inter-level travel time spent in this place.
 D = Time resting spent in this place.
 E = Time spent auto-exploring this place.
 F = Levels seen in this place.
 G = Mean time per level.
                   A        B        C        D        E       F      G
               +--------+--------+--------+--------+--------+-----+--------+
         Total |   1044 |   1012 |     32 |      0 |    170 |   1 | 1044.0 |
       Dungeon |   1044 |   1012 |     32 |      0 |    170 |   1 | 1044.0 |
               +--------+--------+--------+--------+--------+-----+--------+

Top non-repeatable levels by time:
     D:5: 1044 daAuts
